 Dungeon Crawl Stone Soup version 0.32-a0-607-g64ea0e4219 (webtiles) character file.

Game seed: 15192333715985259819

462 GordonOverkill the Sneak (level 6, -7/38 HPs)
             Began as a Deep Elf Delver on Mar 4, 2024.
             Mangled by an iguana (10 damage)
             ... on level 4 of the Dungeon.
             The game lasted 00:12:20 (4944 turns).

GordonOverkill the Sneak (Deep Elf Delver)          Turns: 4944, Time: 00:12:20

Health: -7/38      AC:  9    Str: 12    XL:     6   Next: 79%
Magic:  12/12      EV: 12    Int: 15    God:
Gold:   232        SH:  0    Dex: 18    Spells: 6/11 levels left

rFire   . . .        a - +2 whip (elec)
rCold   . . .        (no shield)
rNeg    . . .        f - +2 leather armour of the Teacher {rElec Str+3}
rPois   .            (no helmet)
rElec   +            e - +0 cloak
rCorr   .            (no gloves)
SInv    .            l - +2 pair of boots
Will    .....        (no amulet)
Stlth   +++          (no ring)
HPRegen 0.26/turn    (no ring)
MPRegen 0.13/turn

%: no passive effects
@: no status effects
A: no striking features
a: no special abilities


You were on level 4 of the Dungeon.
You visited 1 branch of the dungeon, and saw 8 of its levels.

You collected 232 gold pieces.

Inventory:

Hand Weapons
 a - a +2 whip of electrocution (weapon)
 b - a +0 sling
 u - a +0 spear
Missiles
 j - 2 throwing nets (quivered)
Armour
 e - a +0 cloak (worn)
 f - the +2 leather armour of the Teacher (worn) {rElec Str+3}
   (You found it on level 4 of the Dungeon)

   Str+3:     It affects your strength (+3).
   rElec:     It insulates you from electricity.
 l - a +2 pair of boots (worn)
Wands
 g - a wand of digging (3)
 p - a wand of acid (5)
Scrolls
 c - a scroll of fog
 d - 3 scrolls of revelation
 h - 4 scrolls of identify {unknown}
 i - a scroll of vulnerability {unknown}
 m - a scroll of amnesia {unknown}
 n - a scroll of enchant armour {unknown}
 r - a scroll of noise {unknown}
 s - a scroll of teleportation {unknown}
Potions
 k - a potion of brilliance


   Skills:
 - Level 4.0 Fighting
 - Level 1.3 Polearms
 + Level 5.8 Ranged Weapons
 - Level 2.4 Dodging
 - Level 6.0 Stealth
 - Level 3.0 Spellcasting
 + Level 2.9 Translocations


You had 6 spell levels left.
You knew the following spells:

 Your Spells              Type           Power      Damage    Failure   Level
a - Blink                 Tloc           22%        N/A       12%         2
b - Tukima's Dance        Hex            2%         N/A       58%         3

Your spell library contained the following spells:

 Spells                   Type           Power      Damage    Failure   Level
 Lesser Beckoning         Tloc           22%        N/A       12%         2
 Momentum Strike          Conj/Tloc      12%        3d8       22%         2
 Necrotise                Necr           8%         1d4       26%         1
 Summon Small Mammal      Summ           8%         N/A       26%         1
 Call Canine Familiar     Summ           2%         N/A       58%         3
 Inner Flame              Hex/Fire       2%         N/A       58%         3
 Vampiric Draining        Necr           2%         2d6       58%         3
 Passage of Golubria      Tloc           11%        N/A       58%         4
 Flame Wave               Conj/Fire      2%         2d4       94%         4
 Martyr's Knell           Necr/Summ      2%         N/A       94%         4
 Sticky Flame             Fire/Alch      2%         2d4       94%         4
 Summon Blazeheart Golem  Fire/Summ      2%         N/A       94%         4
 Curse of Agony           Necr           2%         N/A       100%        5
 Irradiate                Conj/Alch      1%         3d12      100%        5
 Yara's Violent Unravell  Hex/Alch       1%         3d3       100%        5
 Ignition                 Fire           1%         3d3       100%        8


Dungeon Overview and Level Annotations

Branches:
Dungeon (8/15)
 Temple: D:4-7         Lair: D:8-11

Altars:
Nemelex Xobeh
Sif Muna

Shops:
D:3 :

Annotations:
D:3 Ijyb
D:4 Eustachio


Message History

You barely miss the iguana.
The iguana is moderately wounded.
The iguana bites you.
You hit the iguana but do no damage.
The iguana is moderately wounded.
The iguana barely misses you.
You hit the iguana but do no damage.
The iguana is moderately wounded.
The iguana bites you!
* * * LOW HITPOINT WARNING * * *
You are too injured to fight recklessly!
You barely miss the iguana.
The iguana is moderately wounded.
The iguana barely misses you.
You are too injured to fight recklessly!
You whack the iguana!
The iguana is severely wounded.
The iguana bites you!
* * * LOW HITPOINT WARNING * * *
You are too injured to fight recklessly!
You hit the iguana.
The iguana is severely wounded.
The iguana bites you.
* * * LOW HITPOINT WARNING * * *
You hit the iguana.
The iguana is severely wounded.
The iguana bites you.
* * * LOW HITPOINT WARNING * * *
You barely miss the iguana.
The iguana is severely wounded.
The iguana bites you but does no damage.
You hit the iguana but do no damage.
The iguana is severely wounded.
The iguana misses you.
You barely miss the iguana.
The iguana is severely wounded.
The iguana bites you.
* * * LOW HITPOINT WARNING * * *
The iguana bites you!
You die...

...#.#..................######...
...........#..#...#..#.........##
...#.#....#...)#.#....#..........
####.###################..#.#.#.#
#..##.## ##.###...###.##..###.#..
.#####.###.#.#.###...#.#### #.###
#..####.[.###.## #####.# #....
###.##.#### ##.##l.##.## #.###
##..## ##.@###.## #.#
###################†### #.#
......)...............## #.#
~~≈~~~≈≈~~~~~~~~~≈~~~~~# #.#
~~~~~~≈~≈≈~~~≈~~~≈~~~~≈# ###.#
.$....................## #...#
###'################### #.###
....#.ß###.ß###)ß###[ß# ###.#
....'..††..........)..###...#


You could see an iguana.

Vanquished Creatures
  Sigmund (D:3)
  A jelly (D:4)
  An orc priest (D:2)
  An orc wizard (D:1)
  5 gnolls
  6 adders
  5 dart slugs
  8 orcs
  7 ball pythons
  9 endoplasms
  8 giant cockroaches
  8 goblins
  5 hobgoblins
  4 jackals (D:2)
  8 quokkas
  3 bats
  2 frilled lizards
  9 kobolds
  5 rats
96 creatures vanquished.

Notes
Turn   | Place    | Note
-------+----------+-------------------------------------------
     0 | D:5      | GordonOverkill the Deep Elf Delver began the quest for the
                  | Orb.
     0 | D:5      | Reached XP level 1. HP: 13/13 MP: 3/3
   159 | D:7      | Noticed an ice beast
   200 | D:5      | Noticed an iguana
   213 | D:5      | Noticed a hound
   285 | D:4      | Reached XP level 2. HP: 5/19 MP: 4/4
   302 | D:4      | Identified the +2 leather armour of the Teacher {rElec
                  | Str+3}
   353 | D:4      | HP: 1/28 [poisoned by an adder]
   474 | D:4      | Reached XP level 3. HP: 12/23 MP: 5/5
   486 | D:4      | Noticed Eustachio
  1332 | D:1      | Learned a level 2 spell: Blink
  1335 | D:2      | Found a faded altar of an unknown god.
  1540 | D:2      | Reached skill level 1 in Ranged Weapons
  1656 | D:2      | Reached XP level 4. HP: 29/29 MP: 6/6
  1792 | D:1      | Reached skill level 1 in Spellcasting
  1866 | D:2      | Reached skill level 1 in Translocations
  2407 | D:3      | Reached XP level 5. HP: 33/33 MP: 9/9
  2501 | D:3      | Found Lehig's Book Shop.
  2578 | D:3      | Noticed Ijyb
  2598 | D:3      | Noticed Sigmund
  2605 | D:3      | Killed Sigmund
  2606 | D:3      | Reached skill level 5 in Ranged Weapons
  2606 | D:3      | Reached XP level 6. HP: 22/38 MP: 11/11
  2704 | D:3      | Found a shimmering blue altar of Sif Muna.
  2707 | D:3      | Found a sparkling altar of Nemelex Xobeh.
  4757 | D:4      | Learned a level 3 spell: Tukima's Dance
  4944 | D:4      | Mangled by an iguana

Illustrated notes

Levels and vault maps discovered:
D:1:      shiori_arrival_maze, layout_basic
D:2:      layout_basic, nicolae_ecumenical_oubliette, nicolae_figureground_pulse
D:3:      minmay_angry_zag, layout_loops_corners, nicolae_overflow_squiral,
          serial_shops, nicolae_shop_rolling_square, glass_columns_a,
          uniq_sigmund, uniq_ijyb
D:4:      wad_river_or_something, layout_basic,
          nicolae_concentric_dashed_squares_mild, uniq_eustachio
D:5:      layout_gridville, uniq_crazy_yiuf_cottage
D:6:      layout_loops_corners, overflow_temple_1_default,
          minmay_temple_entry_ruins
D:7:      layout_basic, nicolae_overflow_crystal_walls, serial_shops,
          nicolae_shop_tiny_real_fake_doors
D:8:      layout_loops_cross, mainiacjoe_overflow_alcove_1,
          regret_index_kikubaaqudgha_part_by_part, mainiacjoe_overflow_24_doors,
          minmay_misc_feat_cross

Skill      XL: |  1  2  3  4  5  6 |
---------------+-------------------+-----
Fighting       | 3 4 |  4.0
Ranged Weapons | 1 2 5 |  5.8
Spellcasting   | 1 2 3 |  3.0
Translocations | 1 2 |  2.9
Polearms       | |  1.3
Dodging        | |  2.4
Stealth        | |  6.0

Action                     |  1- 3 |  4- 6 || total
---------------------------+-------+-------++-------
  Melee: Spear             |   130 |    41 ||   171
         Whip              |       |    94 ||    94
   Fire: Sling             |    34 |   108 ||   142
   Cast: Blink             |       |     1 ||     1
  Evoke: Wand              |       |     5 ||     5
    Use: Potion            |     2 |     6 ||     8
         Scroll            |       |     1 ||     1
   Stab: Sleeping          |     4 |     3 ||     7
 Armour: Leather armour    |    62 |   143 ||   205
         Skin              |    22 |       ||    22
  Dodge: Dodged            |    69 |   107 ||   176

Table legend: (Time is in decaauts)
 A = Elapsed time spent in this place.
 B = Non-inter-level travel time spent in this place.
 C = Inter-level travel time spent in this place.
 D = Time resting spent in this place.
 E = Time spent auto-exploring this place.
 F = Levels seen in this place.
 G = Mean time per level.
                   A        B        C        D        E       F      G
               +--------+--------+--------+--------+--------+-----+--------+
         Total |   4971 |   4756 |    215 |   1298 |   2084 |   8 |  621.4 |
       Dungeon |   4971 |   4756 |    215 |   1298 |   2084 |   8 |  621.4 |
               +--------+--------+--------+--------+--------+-----+--------+

Top non-repeatable levels by time:
     D:4: 1467 daAuts
     D:3: 1450 daAuts
     D:1: 1005 daAuts
     D:2: 826 daAuts
     D:8: 76 daAuts
     D:7: 70 daAuts
     D:6: 40 daAuts
     D:5: 34 daAuts
